 Dungeon Crawl Stone Soup version 0.25.0-41-g26779e291d (webtiles) character file.

Game seed: 1126139033871907788

16489 Lauz the Thaumaturge (level 12, -2/68 HPs)
             Began as a Deep Elf Conjurer on June 25, 2020.
             Was an Elder of Vehumet.
             Hit by a silver javelin thrown by a minotaur (7 damage)
             ... in a Gauntlet on July 10, 2020.
             The game lasted 01:15:00 (16041 turns).

Lauz the Thaumaturge (Deep Elf Conjurer)           Turns: 16041, Time: 01:15:02

Health: -2/68      AC:  9    Str:  5    XL:     12   Next: 10%
Magic:  5/32       EV: 23    Int: 26    God:    Vehumet [****..]
Gold:   966        SH:  5    Dex: 24    Spells: 22/39 levels left

rFire    + + .     SeeInvis .   n - staff of fire
rCold    . . .     Gourm    .   (no shield)
rNeg     . . .     Faith    .   M - +2 robe {rF+}
rPois    .         Spirit   .   (no helmet)
rElec    .         Reflect  +   C - +1 cloak
rCorr    .         Harm     .   N - +1 pair of gloves {Dex+3}
MR       +....     NoTele   +   g - +0 pair of boots
Stlth    +++.......             y - amulet of reflection
HPRegen  0.21/turn              J - +6 ring of dexterity
MPRegen  0.23/turn              H - +4 ring of evasion

@: very slightly contaminated, invisible (expiring)
A: no striking features
a: Renounce Religion


You were in a Gauntlet.
You worshipped Vehumet.
Vehumet was greatly pleased with you.
You were not hungry.

You visited 3 branches of the dungeon, and saw 14 of its levels.
You also visited: Gauntlet and Volcano.

You collected 966 gold pieces.

Inventory:

Armour
 a - a +0 robe
 g - a +0 pair of boots (worn)
 u - the +1 robe "Yclod" {Str+2}
   (You took it off an orc on level 4 of the Dungeon)

   It affects your strength (+2).
 C - a +1 cloak (worn)
 E - +1 acid dragon scales
 M - a +2 robe of fire resistance (worn)
 N - a +1 pair of gloves of dexterity (worn)
Magical Staves
 n - an uncursed staff of fire (weapon)
Jewellery
 y - an amulet of reflection (around neck)
 B - an uncursed ring of fire
 G - a +4 ring of slaying
 H - a +4 ring of evasion (right hand)
 J - a +6 ring of dexterity (left hand)
 P - a +4 ring of slaying
Wands
 m - a wand of flame (19)
 r - a wand of digging (18)
 t - a wand of disintegration (12)
 w - a wand of iceblast (9)
 F - a wand of polymorph (11)
Scrolls
 b - 2 scrolls of enchant weapon
 d - 8 scrolls of identify
 e - a scroll of magic mapping
 f - 5 scrolls of remove curse
 i - 5 scrolls of amnesia
 l - 3 scrolls of fear
 p - 8 scrolls of teleportation
 x - 2 scrolls of immolation
 D - a scroll of torment {unknown}
 I - a scroll of enchant armour
 L - a scroll of random uselessness {unknown}
 O - a scroll of silence {unknown}
 Q - 2 scrolls of blinking
Potions
 h - 4 potions of flight
 j - 3 potions of heal wounds
 k - 3 potions of mutation
 o - 2 potions of curing
 q - 2 potions of degeneration
 v - 2 potions of haste
 z - 4 potions of lignification
 A - a potion of berserk rage
 K - a potion of stabbing
Comestibles
 c - 15 rations


   Skills:
 * Level 5.1 Fighting
 * Level 7.6 Dodging
 - Level 2.4 Stealth
 + Level 14.4 Spellcasting
 + Level 12.6 Conjurations
 + Level 5.0 Hexes
 + Level 3.0 Translocations
 * Level 7.1 Fire Magic
 + Level 0.1 Air Magic
 + Level 0.1 Evocations


You had 22 spell levels left.
You knew the following spells:

 Your Spells              Type           Power        Failure   Level  Hunger
a - Magic Dart            Conj           ####         0%          1    None
b - Searing Ray           Conj           ######       1%          2    None
c - Fulminant Prism       Conj/Hex       ######....   1%          4    None
d - Iskenderun's Mystic   Conj/Tloc      ######..     1%          4    None
e - Conjure Flame         Conj/Fire      #######.     1%          3    None
f - Mephitic Cloud        Conj/Pois/Air  #####...     1%          3    None

Your spell library contained the following spells:

 Spells                   Type           Power        Failure   Level  Hunger
 Olgreb's Toxic Radiance  Pois           ###.....     8%          4    None
 Dazzling Flash           Conj/Hex       ######       1%          3    None
 Corpse Rot               Necr/Air       N/A          4%          2    None
 Poisonous Vapours        Pois/Air       ###...       4%          2    None
 Sublimation of Blood     Necr           ###.......   4%          2    None
 Freezing Cloud           Conj/Ice/Air   #####.....   21%         6    ####...
 Dispel Undead            Necr           ###.....     28%         4    None
 Agony                    Necr           ###.....     63%         5    ##.....
 Excruciating Wounds      Chrm/Necr      ###.......   63%         5    ##.....
 Ring of Flames           Chrm/Fire      ######....   99%         7    ######.


Dungeon Overview and Level Annotations

Branches:
Dungeon (11/15)            Temple (1/1) D:7            Lair (2/6) D:9
 Shoals (0/4) Lair:2          Orc (0/2) D:9         Volcano (visited)
Gauntlet (1/1)
  Snake: Lair:2-4    Spider: Lair:2-4

Altars:
Ashenzari
Elyvilon
Hepliaklqana
Trog
Vehumet
Wu Jian
Xom
Zin

Shops:
D:5 :   D:6 }:[?!

Annotations:
D:4 Grinder
D:5 2 runed translucent doors, UristMcRaven's ghost, novice DEEE Gauntlet 6 transporters, 1 runed translucent door


Message History

Confirm with . or Enter, or press ? or * to list all spells.
You erupt in a blast of force!
The mystic blast hits the minotaur!
The minotaur is severely wounded.
The minotaur is knocked back by the mystic blast.
The minotaur collides with your fulminant prism!
Your fulminant prism explodes!
The blast of energy engulfs the minotaur but does no damage.
The minotaur is severely wounded.
Casting: Iskenderun's Mystic Blast (safe; 1% risk of failure)
Confirm with . or Enter, or press ? or * to list all spells.
Aiming: Searing Ray (safe; 1% risk of failure)
Press: ? - help, Shift-Dir - straight line, f/p - minotaur
Aim: a minotaur, wielding a +1 morningstar of protection, wearing a +0 plate armour and quivering 19 silver javelins (severely wounded, strong)
The searing ray hits the minotaur but does no damage.
The minotaur is severely wounded. (Press . to maintain the ray.)
The minotaur throws a silver javelin.
The silver javelin pierces through you!!
* * * LOW HITPOINT WARNING * * *
You die...

#[. #8. ####}. ####
###8.#8H #.8### #....#..
#....# #.#..#8. #..#.#
#.#..##'##..#.#
#......H§@...(#
#.#.##.#§##.#.#
#....#(...#Y#
###.#.#######†#.###
#.................#
#.⌠.⌠.⌠.©.©.⌠.⌠.⌠.#
#.................# ##
################### ##
##≈###≈###.......###≈###≈##


You could see a minotaur (strong).

Vanquished Creatures
  2 two-headed ogres
  A death yak (Gauntlet)
  A hell knight (Lair:1)
  A necromancer (Gauntlet)
  A deep elf mage (D:9)
  A manticore (D:9)
  A cyclops (D:9)
  A centaur zombie (D:10)
  A spiny frog (Lair:1)
  A black mamba (Lair:1)
  Psyche (D:9)
  2 komodo dragons
  3 hornets (Gauntlet)
  6 flying skulls (Gauntlet)
  A vampire (D:9)
  11 yaks
  A wyvern (D:8)
  Eustachio (D:4)
  Grum (D:8)
  2 vampire mosquitoes (D:9)
  A hungry ghost (D:10)
  Menkaure (D:7)
  A water moccasin (D:8)
  5 porcupines
  A black bear (D:7)
  7 orc warriors
  2 ice beasts
  2 phantoms
  An eye of draining (D:10)
  A necrophage (D:5)
  6 ogres
  3 wolves
  A centaur (D:10)
  5 crocodiles
  8 bullfrogs
  A gnoll sergeant (D:8)
  2 wyvern skeletons
  5 scorpions
  9 wights (D:9)
  3 howler monkeys (D:9)
  5 crimson imps
  5 hounds
  A jelly (D:8)
  2 centaur skeletons
  11 orc priests
  4 bullfrog skeletons
  9 orc wizards
  4 iguanas
  5 worker ants
  A hound skeleton (D:9)
  A howler monkey zombie (D:8)
  A worker ant zombie (D:6)
  13 gnolls
  A howler monkey skeleton (D:9)
  14 adders
  2 shadow imps
  An ooze (D:6)
  An adder skeleton (D:7)
  A worm (D:6)
  4 dart slugs
  10 leopard geckos
  35 orcs
  A ball python (D:2)
  6 giant cockroaches
  8 goblins
  6 hobgoblins
  8 jackals
  3 kobolds
  5 quokkas
  4 bats
  7 frilled lizards
  A leopard gecko skeleton (D:5)
  2 quokka skeletons
  7 rats
  A fulminant prism (Gauntlet)
  2 fungi (Lair:2)
297 creatures vanquished.

Vanquished Creatures (others)
  A demonic plant (Gauntlet)
  72 fulminant prisms
  A fungus (Lair:1)
74 creatures vanquished.

Grand Total: 371 creatures vanquished

Notes
Turn   | Place    | Note
-------+----------+-------------------------------------------
     0 | D:1      | Lauz the Deep Elf Conjurer began the quest for the Orb.
     0 | D:1      | Reached XP level 1. HP: 10/10 MP: 6/6
   200 | D:1      | Reached XP level 2. HP: 15/15 MP: 6/8
   302 | D:1      | Reached skill level 5 in Conjurations
  1298 | D:2      | Reached XP level 3. HP: 19/19 MP: 5/9
  2527 | D:3      | Reached XP level 4. HP: 24/24 MP: 3/11
  2593 | D:3      | Learned a level 2 spell: Searing Ray
  2788 | D:3      | Reached skill level 4 in Spellcasting
  2886 | D:3      | Found a bloodstained altar of Trog.
  3581 | D:4      | Noticed Grinder
  3637 | D:4      | Identified the +1 robe "Yclod" {Str+2}
  3651 | D:4      | Reached XP level 5. HP: 28/28 MP: 1/13
  3873 | D:4      | Noticed a phantom
  3883 | D:4      | Killed a phantom
  3883 | D:4      | Reached skill level 5 in Spellcasting
  3883 | D:4      | Reached XP level 6. HP: 32/32 MP: 3/16
  3985 | D:4      | Noticed Eustachio
  4189 | D:4      | Killed Eustachio
  4189 | D:4      | Reached skill level 6 in Spellcasting
  4497 | D:5      | Entered Level 5 of the Dungeon
  4502 | D:5      | Reached XP level 7. HP: 30/36 MP: 13/19
  4727 | D:5      | Reached skill level 7 in Spellcasting
  4885 | D:5      | Found Tuzxat's Book Emporium.
  4996 | D:5      | Upgraded the game from 0.25.0-11-g1f837a76a1 to
                  | 0.25.0-26-g0c896c7088
  5202 | D:5      | Found a runed translucent door.
  5204 | D:5      | Noticed UristMcRaven's ghost (novice DEEE)
  5227 | D:5      | Found a runed translucent door.
  5347 | D:5      | Reached skill level 8 in Spellcasting
  5878 | D:6      | Reached XP level 8. HP: 41/41 MP: 16/22
  6044 | D:6      | Found Zoebad's Distillery.
  6168 | D:6      | Reached skill level 9 in Spellcasting
  6214 | D:6      | Found Tigaong's Armour Shop.
  6272 | D:6      | Found Cimnitin's Magic Scroll Shop.
  6551 | D:6      | Found Wotiolun's Gadget Emporium.
  6642 | D:6      | Found Ypepn's Book Shop.
  7259 | D:7      | Found a staircase to the Ecumenical Temple.
  7264 | Temple   | Entered the Ecumenical Temple
  7276 | Temple   | Became a worshipper of Vehumet
  7290 | D:7      | Noticed Menkaure
  7305 | D:6      | Learned a level 4 spell: Fulminant Prism
  7310 | D:6      | Learned a level 4 spell: Iskenderun's Mystic Blast
  7326 | D:7      | Reached skill level 10 in Spellcasting
  7849 | D:7      | Reached skill level 10 in Conjurations
  8156 | D:7      | Found a glowing silver altar of Zin.
  8298 | D:7      | Learned a level 3 spell: Conjure Flame
  8340 | D:7      | Reached XP level 9. HP: 46/46 MP: 19/25
  8610 | D:7      | Killed Menkaure
  8610 | D:7      | Reached skill level 11 in Spellcasting
  8846 | D:7      | Reached * piety under Vehumet
  8846 | D:7      | Offered knowledge of Shock by Vehumet.
  8952 | D:8      | Reached skill level 1 in Fighting
  8954 | D:8      | Reached skill level 1 in Fire Magic
  9307 | D:7      | Upgraded the game from 0.25.0-26-g0c896c7088 to
                  | 0.25.0-37-gb73750e0fb
  9322 | D:8      | Reached skill level 1 in Hexes
  9638 | D:8      | Noticed Grum
 10170 | D:8      | Killed Grum
 10516 | D:9      | Noticed a manticore
 10519 | D:9      | Offered knowledge of Sandblast by Vehumet.
 10520 | D:9      | Reached ** piety under Vehumet
 10560 | D:8      | Reached skill level 12 in Spellcasting
 10560 | D:8      | Reached skill level 1 in Translocations
 10641 | D:9      | Found a staircase to the Lair.
 10641 | D:9      | Noticed Psyche
 10650 | D:9      | Killed Psyche
 10650 | D:9      | Reached XP level 10. HP: 54/54 MP: 13/28
 10844 | D:9      | Noticed a deep elf mage
 11316 | D:9      | Reached skill level 5 in Dodging
 11318 | D:9      | Offered knowledge of Inner Flame by Vehumet.
 11550 | D:9      | Noticed a cyclops
 11619 | D:9      | Reached *** piety under Vehumet
 11873 | D:9      | Found a staircase to the Orcish Mines.
 12190 | D:9      | Reached skill level 5 in Fire Magic
 12343 | D:9      | Killed a deep elf mage
 12404 | D:9      | Killed a cyclops
 12404 | D:9      | Reached skill level 13 in Spellcasting
 12625 | D:9      | Killed a manticore
 12625 | D:9      | Reached XP level 11. HP: 50/60 MP: 17/30
 12699 | D:9      | Learned a level 3 spell: Mephitic Cloud
 12763 | D:10     | Entered Level 10 of the Dungeon
 12843 | D:10     | Noticed a two-headed ogre
 12865 | D:10     | Killed a two-headed ogre
 12865 | D:10     | Offered knowledge of Stone Arrow by Vehumet.
 13825 | Lair:1   | Entered Level 1 of the Lair of Beasts
 13867 | Lair:1   | Reached **** piety under Vehumet
 14211 | Lair:1   | Found a dark tunnel.
 14221 | Volcano  | Entered a volcano
 14234 | Volcano  | Noticed a two-headed ogre
 14247 | Volcano  | Killed a two-headed ogre
 14257 | Volcano  | Noticed a hell knight
 14272 | Volcano  | Noticed a two-headed ogre
 14272 | Volcano  | Noticed a two-headed ogre
 14294 | Lair:1   | Killed a hell knight
 14550 | Lair:1   | Offered knowledge of Olgreb's Toxic Radiance by Vehumet.
 14614 | Lair:1   | Reached skill level 14 in Spellcasting
 14994 | Lair:2   | Upgraded the game from 0.25.0-37-gb73750e0fb to
                  | 0.25.0-41-g26779e291d
 15072 | Lair:2   | Found a gate leading to a gauntlet.
 15082 | Gauntlet | Entered a Gauntlet
 15082 | Gauntlet | Found a transporter.
 15082 | Gauntlet | Found a transporter.
 15082 | Gauntlet | Found a runed translucent door.
 15082 | Gauntlet | Found a runed translucent door.
 15138 | Gauntlet | Found a transporter.
 15142 | Gauntlet | Found a transporter.
 15150 | Gauntlet | Found a transporter.
 15150 | Gauntlet | Noticed a soul eater
 15154 | Gauntlet | Found a transporter.
 15162 | Gauntlet | Found a transporter.
 15171 | Gauntlet | Noticed a green death
 15178 | Gauntlet | Found a transporter.
 15179 | Gauntlet | Noticed a necromancer
 15181 | Gauntlet | Noticed a death yak
 15182 | Gauntlet | Noticed a death yak
 15183 | Gauntlet | Noticed a death yak
 15192 | Gauntlet | Found a transporter.
 15196 | Gauntlet | Found a transporter.
 15204 | Gauntlet | Found a transporter.
 15208 | Gauntlet | Found a transporter.
 15556 | Gauntlet | Reached skill level 5 in Fighting
 15561 | Gauntlet | Reached XP level 12. HP: 64/68 MP: 9/32
 15867 | Gauntlet | Killed a death yak
 15867 | Gauntlet | Reached skill level 5 in Hexes
 16023 | Gauntlet | Noticed a minotaur
 16041 | Gauntlet | Hit by a silver javelin thrown by a minotaur

Illustrated notes

Levels and vault maps discovered:
D:1:      lightli_arrival_quake, layout_basic
D:2:      layout_basic
D:3:      layout_loops_corners, bloody_trog, first_ration
D:4:      wad_lake_hut, layout_basic, uniq_grinder, uniq_eustachio, uniq_natasha
D:5:      layout_loops_corners, serial_shops, nicolae_shop_statue_plus,
          ebering_ghost_sewer_f, bh_chokoban
D:6:      layout_layer_cave, serial_shops, nicolae_shop_waterfront, shop,
          nicolae_shop_statue_plus, nicolae_shop_stone,
          nicolae_shop_competitors_out_of_business, nicolae_zen_rock_garden,
          st_stairs_12, grunt_decor_fettered
D:7:      layout_loops_corners, zin_statuary, temple_statues, uniq_menkaure
D:8:      layout_rooms, enter_bailey_3, uniq_grum
D:9:      layout_small_grid, lair_entry_dummy, david_orc_2, minivault_12,
          uniq_psyche
D:10:     layout_rooms
D:11:     layout_grid_maze, grunt_livestock, kennysheep_generic_room_4
Temple:   regret_index_temple_chain_breaker
Lair:1:   layout_hall_layers, enter_volcano_1, chequers_serial_rivers_small_a
Lair:2:   layout_loops_ring, elwin_shoals_entry_rooms, gauntlet_entry_generic,
          uniq_sonja
Gauntlet: minmay_gauntlet_77_indecision [minmay_gauntlet_arena_77_shame_cube,
          minmay_gauntlet_arena_77_hold_the_fort, minmay_gauntlet_arena_77_fan,
          minmay_gauntlet_arena_77_museum, minmay_gauntlet_arena_77_braids,
          minmay_gauntlet_arena_77_two_paths,
          nicolae_gauntlet_exit_dead_adventurers]

Skill      XL: |  1  2  3  4  5  6  7  8  9 10 11 12 |
---------------+-------------------------------------+-----
Conjurations   | 5 6 7 8 10 11 12 | 12.6
Spellcasting   | 4 5 6 8 10 12 13 14 | 14.4
Fighting       | 2 3 5 |  5.1
Dodging        | 4 5 7 |  7.6
Fire Magic     | 3 5 7 |  7.1
Hexes          | 1 3 4 5 |  5.0
Translocations | 1 2 3 |  3.0
Stealth        | |  2.4
Air Magic      | |  0.1
Evocations     | |  0.1

Action                   |  1- 3 |  4- 6 |  7- 9 | 10-12 || total
-------------------------+-------+-------+-------+-------++-------
Melee: Staff             |       |     3 |       |     1 ||     4
 Cast: Magic Dart        |    76 |    45 |   169 |   157 ||   447
       Searing Ray       |       |    16 |    60 |    57 ||   133
       Fulminant Prism   |       |       |    14 |    60 ||    74
       Iskenderun's Myst |       |       |    22 |    37 ||    59
       Conjure Flame     |       |       |       |     5 ||     5
       Mephitic Cloud    |       |       |       |     3 ||     3
Evoke: Wand              |       |       |       |     1 ||     1
  Use: Scroll            |       |       |     4 |    16 ||    20
       Potion            |       |       |       |     2 ||     2
  Eat: Chunk             |     5 |     6 |    18 |    13 ||    42
       Ration            |       |       |       |     1 ||     1
Armor: Robe              |       |     1 |     7 |     2 ||    10
Dodge: Dodged            |     3 |     3 |    42 |    57 ||   105
Block: Other             |       |       |    10 |    20 ||    30
       Reflection        |       |       |     1 |     4 ||     5
